 Dungeon Crawl Stone Soup version 0.29.1-2-gbd0b4ee654 (webtiles) character file.

Game seed: 10707230106435688421

2521 styxcanada the Covert (level 9, -2/40 (44) HPs)
             Began as a Spriggan Brigand on Nov 5, 2022.
             Was an Initiate of Gozag.
             Slain by a wight
             ... wielding a +0 trident
              (10 damage)
             ... on level 8 of the Dungeon on Nov 6, 2022.
             The game lasted 00:58:05 (12994 turns).

styxcanada the Covert (Spriggan Brigand)           Turns: 12994, Time: 00:58:06

HP:   -2/40 (44)    AC: 10    Str:  7    XL:     9   Next: 29%
MP:   9/16          EV: 25    Int: 12    God:    Gozag
Gold: 1565          SH:  5    Dex: 32    Spells: 11/16 levels left

rFire   . . .      SeeInvis +   y - +8 quick blade
rCold   . . .      Faith    .   (no shield)
rNeg    . . .      Spirit   .   b - +1 robe
rPois   .          Reflect  +   j - +2 hat
rElec   .          Harm     .   c - +0 cloak
rCorr   .          Rampage  .   (gloves unavailable)
Will    +....                   (boots unavailable)
Stlth   ++++++....              l - amulet of reflection
HPRegen 0.13/turn               k - ring "Cuiba" {AC+4 Dex+5 Slay-3}
MPRegen 0.15/turn               m - +6 ring of dexterity

@: gold aura, very slightly contaminated, drained, very quick
A: very small, no large weapons, unfitting armour, see invisible, speed 3
a: Renounce Religion, Potion Petition, Call Merchant, Bribe Branch


You were on level 8 of the Dungeon.
You worshipped Gozag.
Gozag was most pleased with you.
You visited 2 branches of the dungeon, and saw 9 of its levels.
You also visited: Sewer and Ossuary.

You collected 1657 gold pieces.
You spent 36 gold pieces at shops.
You paid 56 gold pieces to Gozag.

Inventory:

Hand Weapons
 a - a +2 dagger
 v - a +2 vorpal shortbow
 y - a +8 quick blade (weapon)
 z - a +0 sling of electrocution
Missiles
 d - 6 poisoned darts (quivered)
 e - a curare-tipped dart
 i - a throwing net
 o - 29 stones
 B - 7 boomerangs
Armour
 b - a +1 robe (worn)
 c - a +0 cloak (worn)
 j - a +2 hat (worn)
Jewellery
 f - a ring of positive energy
 k - the ring "Cuiba" (left hand) {AC+4 Dex+5 Slay-3}
   (You acquired it on level 3 of the Dungeon)

   [ring of protection]

   AC:        It affects your AC (+4).
   Dex:       It affects your dexterity (+5).
   Slay:      It affects your accuracy & damage with ranged weapons and melee
   (-3).
 l - an amulet of reflection (around neck)
 m - a +6 ring of dexterity (right hand)
 q - an amulet of magic regeneration
 t - a ring of willpower
 w - an amulet of the acrobat
Wands
 J - a wand of mindburst (16)
Scrolls
 g - 5 scrolls of teleportation
 n - a scroll of fear
 p - 2 scrolls of amnesia
 s - a scroll of blinking
 E - a scroll of immolation
Potions
 r - 4 potions of flight
 u - 2 potions of lignification
 x - 2 potions of curing
 A - a potion of resistance {unknown}
 C - a potion of magic
 D - a potion of degeneration {unknown}
 F - 2 potions of invisibility {unknown}
 G - a potion of haste {unknown}
 H - a potion of might {unknown}
 I - a potion of brilliance
Miscellaneous
 h - a phantom mirror


   Skills:
 + Level 3.5 Fighting
 + Level 5.3 Short Blades
 + Level 3.3 Throwing
 * Level 6.5 Dodging
 * Level 11.0 Stealth
 * Level 2.5 Shields
 * Level 4.2 Spellcasting
 * Level 2.6 Conjurations
 * Level 2.2 Hexes
 * Level 1.9 Ice Magic
 + Level 1.0 Evocations


You had 11 spell levels left.
You knew the following spells:

 Your Spells              Type           Power      Damage    Failure   Level
a - Magic Dart            Conj           32%        1d4       8%          1
b - Searing Ray           Conj           16%        2d5       11%         2
c - Ensorcelled Hibernat  Hex/Ice        14%        N/A       14%         2

Your spell library contained the following spells:

 Spells                   Type           Power      Damage    Failure   Level
 Apportation              Tloc           4%         N/A       22%         1
 Beastly Appendage        Tmut           4%         N/A       22%         1
 Necrotise                Necr           8%         1d4       22%         1
 Summon Small Mammal      Summ           8%         N/A       22%         1
 Ozocubu's Armour         Ice            7%         N/A       30%         3
 Wereblood                Tmut           2%         N/A       32%         2
 Spider Form              Tmut/Pois      2%         N/A       54%         3
 Fulminant Prism          Conj/Hex       4%         3d6       61%         4
 Anguish                  Hex/Necr       2%         N/A       80%         4
 Animate Armour           Summ/Erth      4%         N/A       91%         4
 Blade Hands              Tmut           1%         N/A       99%         5
 Iron Shot                Conj/Erth      2%         9d2       100%        6
 Ozocubu's Refrigeration  Ice            3%         4d8       100%        7


Dungeon Overview and Level Annotations

Branches:
Dungeon (8/15)             Temple (1/1) D:4           Sewer (visited)
Ossuary (visited)
   Lair: D:8-11

Altars:
Cheibriados
Dithmenos
Elyvilon
Fedhas
Gozag
Kikubaaqudgha
Okawaru
Ru
Sif Muna
Wu Jian
Xom

Shops:
D:3 !

Annotations:
D:4 Anandil's ghost, amateur DsHu


Innate Abilities, Weirdness & Mutations

You are very small and have problems with some larger weapons.
You are too small for most types of armour.
You have supernaturally acute eyesight. (SInv)
You cover ground extremely quickly. (Speed+++)


Message History

The wight closely misses you.
The wight hits you with a +3 spear of freezing.
You feel drained. The wight freezes you.
You hit the wight.
The wight is moderately damaged.
You hit the wight.
The wight is heavily damaged.
You block the wight's attack.
The wight hits you with a +3 spear of freezing!
* * * LOW HITPOINT WARNING * * *
You feel drained.
* * * LOW HITPOINT WARNING * * *
The wight freezes you.
* * * LOW HITPOINT WARNING * * *
Things that are here:
6 gold pieces; a +5 hand axe; a +0 robe The wight is distracted by your dazzling golden aura.
Casting: Searing Ray (safe; 11% risk of failure)
Confirm with . or Enter, or press ? or * to list all spells.
Aiming: Searing Ray (safe; 11% risk of failure)
Press: ? - help, Shift-Dir - straight line, f - wight
Aim: a wight, wielding a +0 trident and wearing a +0 robe (76% to hit)
You miscast Searing Ray.
You are very lightly contaminated with residual magic.
Nothing appears to happen.
Unknown command.
Casting: Searing Ray (safe; 11% risk of failure)
Confirm with . or Enter, or press ? or * to list all spells.
Aiming: Searing Ray (safe; 11% risk of failure)
Press: ? - help, Shift-Dir - straight line, f/p - wight
Aim: a wight, wielding a +0 trident and wearing a +0 robe (76% to hit)
The searing ray misses the wight.
The searing ray hits the wight!
The wight is almost destroyed. (Press . to maintain the ray.)
The searing ray hits the wight but does no damage. x2
The searing ray hits the wight!
You destroy the wight!
The wight hits you from afar with a +0 trident!
You die...
Your body crumbles into a pile of gold.

#.. #.# . #.#
..#####.# ....?...# .
....z...# ...
........# #....
#..#######......
#..$$zz.@..# #
###..#.##.## #.
.#.####....# .#
#...#........## .###
###.#######.#.###....
.........##......).#
....#.##.####.####.#
.......#.####......#
....#.........######


You could see 2 wights.

Vanquished Creatures
  A steam dragon (D:8)
  Menkaure (Ossuary)
  An acid dragon (D:8)
  Duvessa (D:7)
  2 ice beasts
  A black bear (D:4)
  An orc warrior (D:4)
  A centaur (D:5)
  2 phantoms
  3 bullfrogs
  A necrophage (D:5)
  A gnoll sergeant (D:7)
  A wyvern zombie (D:4)
  2 wights (D:8)
  Dowan (D:7)
  2 hounds
  A bullfrog zombie (D:4)
  A gnoll bouda (D:6)
  5 orc priests
  A bullfrog skeleton (D:4)
  2 iguanas (D:5)
  3 orc wizards
  4 mummies
  11 gnolls
  9 adders
  A river rat (D:5)
  3 shadow imps
  A white imp (D:7)
  4 ufetubi
  3 worms
  4 dart slugs
  43 orcs
  6 bats
  18 endoplasms
  15 giant cockroaches
  2 goblins (D:4)
  9 hobgoblins
  2 jackals (D:5)
  17 quokkas
  15 ball pythons
  6 frilled lizards
  6 gnoll skeletons (Ossuary)
  5 gnoll zombies (Ossuary)
  5 goblin skeletons (Ossuary)
  5 goblin zombies
  2 hobgoblin skeletons (Ossuary)
  4 hobgoblin zombies (Ossuary)
  5 kobolds
  3 kobold skeletons (Ossuary)
  2 kobold zombies (Ossuary)
  7 orc skeletons (Ossuary)
  7 orc zombies (Ossuary)
  2 rats
  2 rat skeletons (Ossuary)
  4 rat zombies (Ossuary)
267 creatures vanquished.

Vanquished Creatures (others)
  2 plants (D:5)
2 creatures vanquished.

Grand Total: 269 creatures vanquished

Notes
Turn   | Place    | Note
-------+----------+-------------------------------------------
     0 | D:1      | styxcanada the Spriggan Brigand began the quest for the
                  | Orb.
     0 | D:1      | Reached XP level 1. HP: 10/10 MP: 2/2
    40 | D:1      | Reached skill level 6 in Stealth
    84 | D:1      | Found a faded altar of an unknown god.
   265 | D:1      | Reached XP level 2. HP: 2/14 MP: 3/3
  1119 | D:2      | Reached skill level 7 in Stealth
  1263 | D:2      | Reached XP level 3. HP: 18/18 MP: 4/4
  1517 | D:2      | Found a shadowy altar of Dithmenos.
  1889 | D:2      | Reached XP level 4. HP: 20/23 MP: 5/5
  3119 | D:3      | Noticed a phantom
  3148 | D:3      | Killed a phantom
  3149 | D:3      | Reached skill level 8 in Stealth
  3149 | D:3      | Reached XP level 5. HP: 15/27 MP: 6/6
  3447 | D:3      | Identified a scroll of acquirement
  3447 | D:3      | Acquired the ring "Cuiba" {AC+4 Dex+5 Slay-3}
  3465 | D:3      | Found Ynoa's Distillery.
  3475 | D:3      | Bought a potion of curing for 36 gold pieces
  3479 | D:3      | Learned a level 1 spell: Magic Dart
  3952 | D:4      | Found a staircase to the Ecumenical Temple.
  3973 | Temple   | Entered the Ecumenical Temple
  3978 | Temple   | Became a worshipper of Gozag Ym Sagoz the Greedy
  4026 | D:4      | Noticed a black bear
  4030 | D:4      | Killed a black bear
  4031 | D:4      | Reached XP level 6. HP: 32/32 MP: 7/7
  4115 | D:4      | Noticed an orc warrior
  4130 | D:4      | Killed an orc warrior
  4131 | D:4      | Reached skill level 9 in Stealth
  4131 | D:4      | Reached skill level 1 in Spellcasting
  4202 | D:4      | Found a transporter.
  4553 | D:4      | Found a transporter.
  4926 | D:4      | Found a runed translucent gate.
  4926 | D:4      | Found a runed translucent gate.
  4927 | D:4      | Found a runed translucent gate.
  4929 | D:4      | Noticed Anandil's ghost (amateur DsHu)
  4978 | D:4      | Reached XP level 7. HP: 35/35 MP: 7/10
  5572 | D:4      | Reached skill level 1 in Shields
  5866 | D:4      | Learned a level 2 spell: Searing Ray
  6695 | D:4      | Reached skill level 1 in Conjurations
  7714 | D:5      | Entered Level 5 of the Dungeon
  7806 | D:5      | Found a glowing drain.
  7829 | Sewer    | Entered a sewer
  7930 | Sewer    | Reached skill level 1 in Evocations
  9045 | D:5      | Reached XP level 8. HP: 35/40 MP: 9/13
  9108 | D:5      | Reached skill level 10 in Stealth
  9112 | D:5      | Reached skill level 5 in Dodging
  9915 | D:6      | Learned a level 2 spell: Ensorcelled Hibernation
 10236 | D:6      | Acquired a +8 quick blade
 10443 | D:6      | Found a sand-covered staircase.
 10452 | Ossuary  | Entered an ossuary
 11090 | Ossuary  | Noticed Menkaure
 11101 | Ossuary  | Killed Menkaure
 11102 | Ossuary  | Reached skill level 1 in Hexes
 12150 | D:7      | Reached skill level 1 in Ice Magic
 12175 | D:7      | Found a blossoming altar of Fedhas.
 12246 | D:7      | Reached XP level 9. HP: 43/44 MP: 11/15
 12312 | D:7      | Reached skill level 5 in Short Blades
 12400 | D:7      | Noticed Duvessa
 12402 | D:7      | Noticed Dowan
 12433 | D:7      | Killed Dowan
 12435 | D:7      | Killed Duvessa
 12982 | D:8      | Reached skill level 11 in Stealth
 12994 | D:8      | Slain by a wight

Illustrated notes

Levels and vault maps discovered:
D:1:      dpeg_arrival_orchard, layout_loops_ring,
          nicolae_ecumenical_lake_church
D:2:      layout_basic, basic_altar, kennysheep_pointless_box
D:3:      layout_basic, serial_shops, nicolae_lakefront_shop
D:4:      gammafunk_wand_slinger, layout_layer_cave, temple_pool_b,
          gammafunk_ghost_necromancy
D:5:      layout_gridville, gup_sewer_entry_bowl, serial_bayou_pond_b
D:6:      layout_gridville, nicolae_ossuary_entry_giza
D:7:      layout_cave_pods, amcnicky_altar_gilded, uniq_duvessa
D:8:      layout_loops_cross, mainiacjoe_overflow_catwalk_spiral
Temple:   compressed_dpeg_triangle_lava_temple

Skill      XL: |  1  2  3  4  5  6  7  8  9 |
---------------+----------------------------+-----
Stealth        | 6 7 8 9 10 11 | 11.0
Fighting       | 2 3 |  3.5
Dodging        | 3 4 6 |  6.5
Short Blades   | 3 4 5 |  5.3
Spellcasting   | 1 2 3 4 |  4.2
Shields        | 1 2 |  2.5
Conjurations   | 1 2 |  2.6
Evocations     | 1 |  1.0
Throwing       | 3 |  3.3
Hexes          | 1 2 |  2.2
Ice Magic      | 1 |  1.9

Action                   |  1- 3 |  4- 6 |  7- 9 || total
-------------------------+-------+-------+-------++-------
Melee: Dagger            |    82 |   171 |   402 ||   655
       Punch             |       |     2 |    13 ||    15
       Quick blade       |       |       |   268 ||   268
Throw: Dart              |    20 |    35 |    48 ||   103
 Cast: Magic Dart        |       |     3 |    63 ||    66
       Searing Ray       |       |       |    30 ||    30
Evoke: Wand              |       |       |     6 ||     6
  Use: Scroll            |       |    12 |     6 ||    18
       Potion            |       |     1 |     4 ||     5
 Stab: Sleeping          |    11 |    16 |    20 ||    47
       Distracted        |       |     2 |     7 ||     9
Armor: Robe              |     8 |    17 |    60 ||    85
       Skin              |       |       |     6 ||     6
Dodge: Dodged            |    49 |    86 |   383 ||   518
Block: Other             |     7 |    25 |   117 ||   149
       Reflection        |       |     3 |       ||     3
